 Dungeon Sprint DCSS version 0.24.0-123-gd5b16e6ec5 (webtiles) character file.

Game seed: 6232500620413266723, levelgen mode: deterministic

414 McKennaii the Destroyer (level 6, -5/44 (45) HPs)
             Began as a Draconian Conjurer on Jan 26, 2020.
             Slain by a vampire mosquito (7 damage)
             ... in the Dungeon (Sprint II: "The Violet Keep of Menkaure").
             The game lasted 00:01:07 (431 turns).

McKennaii the Destroyer (Draconian Conjurer)         Turns: 431, Time: 00:01:07

HP:   -5/44 (45)    AC:  6    Str: 10    XL:     6   Next: 60%
MP:   11/15         EV: 13    Int: 18    God:
Gold: 243           SH:  0    Dex: 11    Spells: 12/17 levels left

rFire    . . .     SeeInvis .   (no weapon)
rCold    . . .     Gourm    .   (no shield)
rNeg     . . .     Faith    .   (armour unavailable)
rPois    .         Spirit   .   (helmet restricted)
rElec    .         Reflect  .   (no cloak)
rCorr    .         Harm     .   (no gloves)
MR       .....     NoTele   +   (no boots)
Stlth    +.........             (no amulet)
HPRegen  0.14/turn              (no ring)
MPRegen  0.14/turn              (no ring)

@: very slow
A: unfitting armour, cold-blooded, AC +6
a: no special abilities


You were in the Dungeon.
You were not hungry.

You visited 1 branch You collected 243 gold pieces.

Inventory:

Scrolls
 h - a scroll of blinking
Potions
 c - a potion of curing
 e - a potion of haste
 f - a potion of magic
Comestibles
 b - a ration


   Skills:
 + Level 4.2 Dodging
 + Level 3.8 Stealth
 * Level 6.1 Spellcasting
 + Level 11.9 Conjurations


You had 12 spell levels left.
You knew the following spells:

 Your Spells              Type           Power        Failure   Level  Hunger
a - Magic Dart            Conj           ####         1%          1    None
c - Iskenderun's Mystic   Conj           #####...     1%          4    ####...

Your spell library contained the following spells:

 Spells                   Type           Power        Failure   Level  Hunger
 Searing Ray              Conj           #####.       1%          2    None
 Dazzling Spray           Conj/Hex       ####..       3%          3    ##.....
 Force Lance              Conj/Tloc      ####....     10%         4    ####...
 Fulminant Prism          Conj/Hex       ####......   10%         4    ####...


Dungeon Overview and Level Annotations

Branches:
Dungeon (1/1)

Altars:

Shops:
D !:[%=*[(!=?:!}[(

Annotations:
D exclusion: oklob plant


Innate Abilities, Weirdness & Mutations

Your plain brown scales are hard. (AC +6)
You cannot fit into any form of body armour.
You are cold-blooded and may be slowed by cold attacks.


Message History

The vampire mosquito closely misses you.
The vampire mosquito misses you.
You barely miss the vampire mosquito.
The vampire mosquito is severely damaged.
The vampire mosquito bites you but does no damage.
The vampire mosquito closely misses you.
Magic courses through your body.
The vampire mosquito bites you but does no damage.
The vampire mosquito bites you!
* * * LOW HITPOINT WARNING * * *
The vampire mosquito draws strength from your injuries!
Casting: Magic Dart (safe; 1% risk of failure)
Confirm with . or Enter, or press ? or * to list all spells.
Aiming: Iskenderun's Mystic Blast (safe; 1% risk of failure)
Press: ? - help, Shift-Dir - straight line, f/p - vampire mosquito
Aim: a vampire mosquito (moderately damaged)
The orb of energy hits the vampire mosquito!
The vampire mosquito is severely damaged.
The vampire mosquito bites you!
You die...

##...∩.∩..#≈≈≈≈
##....∩.⌠.#≈≈###
##...∩.∩..#≈##.###+#
##..∩.∩...#≈#...##.##
##.∩.∩....'≈'.##†.<.+
##∩.∩.....#≈#...##.##
#▓▓▓▓▓▓▓###≈##.###+#
##).Y######≈≈###
#$$D#D ##@≈≈# #∩P[+(
#y#≈# #$[$ (# #!#≈≈#
#)?. ## ### ≈≈≈ ##+#
#°S ++# ○


You could see a vampire mosquito.

Vanquished Creatures
  4 necrophages (D)
  A crocodile (D)
5 creatures vanquished.

Vanquished Creatures (others)
  Menkaure (D)
  A crocodile (D)
2 creatures vanquished.

Grand Total: 7 creatures vanquished

Notes
Turn   | Place    | Note
-------+----------+-------------------------------------------
     0 | D        | McKennaii the Draconian Conjurer began the quest for the
                  | Orb.
     0 | D        | Reached XP level 1. HP: 14/14 MP: 3/3
     1 | D        | Noticed a necrophage
     1 | D        | Noticed a necrophage
     1 | D        | Noticed a necrophage
     1 | D        | Noticed a necrophage
    10 | D        | Killed a necrophage
    10 | D        | Reached skill level 8 in Conjurations
    10 | D        | Reached XP level 2. HP: 15/18 MP: 4/7
    10 | D        | Reached XP level 3. HP: 20/24 MP: 4/8
    10 | D        | Reached XP level 4. HP: 26/31 MP: 5/10
    16 | D        | Killed a necrophage
    16 | D        | Reached skill level 9 in Conjurations
    16 | D        | Reached XP level 5. HP: 31/36 MP: 6/12
    22 | D        | Killed a necrophage
    22 | D        | Reached skill level 5 in Spellcasting
    22 | D        | Reached skill level 10 in Conjurations
    24 | D        | Killed a crocodile
    26 | D        | HP: 1/34 [necrophage (1)]
    28 | D        | Killed Menkaure
    44 | D        | Killed a necrophage
    44 | D        | Reached skill level 11 in Conjurations
    44 | D        | Reached XP level 6. HP: 4/44 MP: 0/14
   296 | D        | Learned a level 4 spell: Iskenderun's Mystic Blast
   340 | D        | Found Abul's Gadget Emporium.
   340 | D        | Found Raraunia's Antique Weapon Emporium.
   340 | D        | Found Gima Kypt's Distillery.
   340 | D        | Found Donevum's Armour Shoppe.
   340 | D        | Found Ownypuarr's Book Emporium.
   341 | D        | Found Zieri's Jewellery Shoppe.
   341 | D        | Found Uxzot's Distillery.
   341 | D        | Found Ufouq's Antique Weapon Shoppe.
   342 | D        | Found Housaomo's Antique Armour Emporium.
   342 | D        | Found Yxzaze's Assorted Antiques.
   342 | D        | Found Hekh's Jewellery Shoppe.
   343 | D        | Found Yniy's Magic Scroll Emporium.
   344 | D        | Found Ziel's Food Shoppe.
   344 | D        | Found Asacin's Antique Armour Emporium.
   344 | D        | Noticed a death yak
   344 | D        | Noticed an oklob plant
   345 | D        | Found Onkar's Distillery.
   345 | D        | Found Ibour's Book Shoppe.
   347 | D        | Noticed a fire dragon
   412 | D        | Noticed an ice dragon
   422 | D        | Noticed a vampire mosquito
   430 | D        | HP: 2/44 [vampire mosquito (9)]
   431 | D        | Slain by a vampire mosquito

Levels and vault maps discovered:
D:        the_violet_keep_of_menkaure [sprint2_stairs_cluster_1,
          sprint2_shoproom, sprint2_temple, sprint2_basic_supplies,
          sprint2_obstacle_2, sprint2_obstacle_6, sprint2_obstacle_4,
          sprint2_obstacle_5, sprint2_obstacle_3, sprint2_timed_cluster_1,
          sprint2_smallroom_cluster_1, sprint2_smallroom_final_cluster_1,
          sprint2_transparent_cluster_1, sprint2_second_timed_cluster_1,
          sprint2_sniper_area_1, sprint2_heavy_combat_area_1,
          sprint2_mutation_trap_area_1, sprint2_forest_area_1,
          sprint2_light_combat_area_1, sprint2_behind_water_1,
          sprint2_near_end_vault_1]

Skill      XL: |  1  2  3  4  5  6 |
---------------+-------------------+-----
Dodging        | 2 3 4 |  4.2
Stealth        | 2 3 |  3.8
Spellcasting   | 4 5 6 |  6.1
Conjurations   | 8 9 11 | 11.9

Action                   |  1- 3 |  4- 6 || total
-------------------------+-------+-------++-------
Melee: Unarmed           |     8 |    21 ||    29
       Tailslap          |       |     2 ||     2
 Cast: Magic Dart        |       |    18 ||    18
       Iskenderun's Myst |       |     5 ||     5
  Use: Potion            |     1 |     2 ||     3
Armor: Skin              |       |    10 ||    10
Dodge: Dodged            |     1 |    26 ||    27
